 Dungeon Crawl Stone Soup version 0.28.0-47-ge53b351184 (webtiles) character file.

Game seed: 737167912240183125

231 GigaChad the Covered (level 5, -5/47 HPs)
             Began as a Minotaur Fighter on May 9, 2022.
             Was a Believer of Wu Jian.
             Slain by Grinder (7 damage)
             ... on level 4 of the Dungeon.
             The game lasted 00:07:05 (3054 turns).

GigaChad the Covered (Minotaur Fighter)             Turns: 3054, Time: 00:07:06

Health: -5/47      AC:  7    Str: 21    XL:     5   Next: 73%
Magic:  4/4        EV: 10    Int:  7    God:    Wu Jian [**....]
Gold:   130        SH:  0    Dex: 13    Spells: 4/4 levels left

rFire   + . .      SeeInvis .   n - +7 dagger of Wisdom {vorpal, rF+ Dex+4}
rCold   . . .      Faith    .   k - orb {mayhem}
rNeg    . . .      Spirit   .   b - +0 scale mail
rPois   .          Reflect  .   (helmet restricted)
rElec   .          Harm     .   (no cloak)
rCorr   .          Rampage  .   (no gloves)
Will    .....                   (no boots)
Stlth   ..........              (no amulet)
HPRegen 0.15/turn               (no ring)
MPRegen 0.09/turn               (no ring)

@: no status effects
A: horns 2, retaliatory headbutt
a: Renounce Religion, Wall Jump


You were on level 4 of the Dungeon.
You worshipped Wu Jian.
Wu Jian was pleased with you.
You visited 1 branch of the dungeon, and saw 4 of its levels.

You collected 130 gold pieces.

Inventory:

Hand Weapons
 a - a +0 long sword
 n - the +7 dagger of Wisdom (weapon) {vorpal, rF+ Dex+4}
   (You found it on level 3 of the Dungeon)

   It inflicts extra damage upon your enemies.
   Dex:       It affects your dexterity (+4).
   rF:        It protects you from fire.
 r - a +0 arbalest
Armour
 b - a +0 scale mail (worn)
 c - a +0 buckler
 e - a +2 pair of gloves
 k - an orb of mayhem (worn)
Wands
 m - a wand of iceblast (5)
Scrolls
 j - 2 scrolls of noise
 l - a scroll of fear {unknown}
 o - a scroll of enchant armour {unknown}
 q - a scroll of teleportation {unknown}
 t - a scroll of fog
Potions
 d - a potion of might
 f - a potion of haste {unknown}
 h - a potion of flight {unknown}
 i - 2 potions of mutation {unknown}
 p - a potion of curing {unknown}
 s - a potion of cancellation {unknown}


   Skills:
 + Level 4.6 Fighting
 + Level 1.6(2.8) Short Blades
 + Level 3.9(4.1) Long Blades
 + Level 5.5 Armour
 + Level 1.2 Dodging
 + Level 0.3 Stealth
 + Level 4.0 Shields


You had 4 spell levels left.
You didn't know any spells.
Your spell library contained the following spells:

 Spells                   Type           Power      Damage    Failure   Level
 Magic Dart               Conj           0%         1d3       75%         1
 Call Imp                 Summ           0%         N/A       87%         2
 Gell's Gravitas          Tloc           0%         N/A       98%         3
 Lesser Beckoning         Tloc           0%         N/A       98%         3
 Mephitic Cloud           Conj/Pois/Air  0%         N/A       98%         3
 Teleport Other           Tloc           0%         N/A       98%         3


Dungeon Overview and Level Annotations

Branches:
Dungeon (4/15)
 Temple: D:4-7

Altars:
Dithmenos
Wu Jian

Shops:
D:2 ?   D:3 *

Annotations:
D:4 Grinder


Innate Abilities, Weirdness & Mutations

You have a pair of horns on your head.
You reflexively headbutt those who attack you in melee.


Message History

The hobgoblin hits you. The goblin hits you but does no damage.
The goblin completely misses you. The hobgoblin hits you.
You can move again.
You hit the goblin but do no damage.
Robin roars a battlecry!
The goblins go into a battle-frenzy!
The goblin hits you but does no damage. The goblin hits you with a +0 club.
* * * LOW HITPOINT WARNING * * *
The hobgoblin completely misses you. You furiously retaliate!
You headbutt the hobgoblin!
You kill the hobgoblin!
The Council accepts your kill.
Grinder flies into a frenzy!
You barely miss Robin. Robin throws the goblin at you!
The goblin hits you but does no damage. The goblin barely misses you.
You puncture Robin! You headbutt Robin.
You kill Robin!
The Council accepts your kill.
The goblin flies into a frenzy!
Grinder shouts!
The goblin hits the goblin with a +0 club!
The goblin dies!
The Council accepts your kill.
You hit the goblin.
You kill the goblin!
The Council accepts your kill. Grinder hits you.
* * * LOW HITPOINT WARNING * * *
You writhe in agony.
* * * LOW HITPOINT WARNING * * *
You spin and attack Grinder.
You closely miss Grinder. You headbutt Grinder!
Grinder is severely wounded.
Grinder hits you but does no damage.
You spin and attack Grinder.
You puncture Grinder!
Grinder is almost dead.
Grinder hits you.
* * * LOW HITPOINT WARNING * * *
Grinder hits you!
You die...

# .# ..... .####.....
......#..# #... #..# ###.#
##..# #### ###...####..#####
#...#####..@)...........####
#.........).5..)...).)<......
##..........)###.)....)........
###..........###
#...............
#.............#
#...............
..............##
#.....[.........
...............#
##..............
...............##
#..............
...........<)...#
##>.....(......


You could see the neutral Grinder (fast, strong, insane).

Vanquished Creatures
  An orc priest (D:4)
  Jessica (D:3)
  An iguana (D:3)
  An orc wizard (D:4)
  A hound skeleton (D:4)
  Robin (D:4)
  3 adders
  4 worms
  A dart slug (D:1)
  3 orcs (D:3)
  3 ball pythons
  A bat (D:2)
  6 endoplasms
  12 goblins
  6 hobgoblins
  A kobold (D:3)
  6 quokkas
  A frilled lizard (D:3)
  3 rats
56 creatures vanquished.

Vanquished Creatures (collateral kills)
  An orc (D:4)
  A goblin (D:4)
2 creatures vanquished.

Vanquished Creatures (others)
  3 goblins
3 creatures vanquished.

Grand Total: 61 creatures vanquished

Notes
Turn   | Place    | Note
-------+----------+-------------------------------------------
     0 | D:1      | GigaChad the Minotaur Fighter began the quest for the Orb.
     0 | D:1      | Reached XP level 1. HP: 19/19 MP: 0/0
    62 | D:1      | Found a faded altar of an unknown god.
   200 | D:1      | Prayed at the altar of an unknown god.
   200 | D:1      | Became a worshipper of the Wu Jian Council
   200 | D:1      | Reached * piety under Wu Jian
   292 | D:1      | Reached skill level 4 in Armour
   292 | D:1      | Reached XP level 2. HP: 25/27 MP: 1/1
   310 | D:1      | You fall into a shaft and drop 1 floor!
   729 | D:2      | Found a shadowy altar of Dithmenos.
   804 | D:2      | Reached XP level 3. HP: 30/33 MP: 2/2
   907 | D:2      | Found Xuypeseu's Magic Scroll Shop.
  1096 | D:2      | Reached skill level 1 in Dodging
  1532 | D:3      | Found Keeblum's Assorted Antiques.
  1704 | D:3      | Reached ** piety under Wu Jian
  1712 | D:3      | Identified the +7 dagger of Wisdom {vorpal, rF+ Dex+4}
  1770 | D:3      | Noticed Jessica
  1775 | D:3      | Killed Jessica
  1776 | D:3      | Reached XP level 4. HP: 25/41 MP: 3/3
  2459 | D:3      | Reached skill level 1 in Short Blades
  2685 | D:3      | Reached skill level 5 in Armour
  2685 | D:3      | Reached XP level 5. HP: 47/47 MP: 4/4
  3022 | D:4      | Noticed Robin
  3024 | D:4      | Noticed Grinder
  3044 | D:4      | Paralysed by Grinder for 4 turns
  3051 | D:4      | Killed Robin
  3054 | D:4      | HP: 2/47 [Grinder (3)]
  3054 | D:4      | Slain by Grinder

Illustrated notes

Levels and vault maps discovered:
D:1:      dpeg_arrival_solitude, layout_basic,
          shapermc_ecumenical_altar_acropolis
D:2:      layout_rooms, serial_shops, nicolae_shop_hallway_stairs, basic_altar,
          minmay_quantized
D:3:      layout_basic, serial_shops, nicolae_shop_crystal,
          guppyfry_early_orc_mine, uniq_jessica
D:4:      minmay_wonky_spiral, layout_cave_pods, uniq_grinder, uniq_robin

Skill      XL: |  1  2  3  4 |
---------------+-------------+-----
Armour         | 4 5 |  5.5
Fighting       | 4 |  4.6
Dodging        | 1 |  1.2
Long Blades    | 3 |  3.9
Shields        | 4 |  4.0
Short Blades   | 1 |  1.6
Stealth        | |  0.3

Action                   |  1- 3 |  4- 6 || total
-------------------------+-------+-------++-------
Melee: Long sword        |    63 |       ||    63
       Headbutt          |    11 |     8 ||    19
       Dagger            |     4 |    48 ||    52
Invok: Lunge             |    10 |     5 ||    15
       Whirlwind         |     5 |    13 ||    18
  Use: Scroll            |       |     2 ||     2
Armor: Scale mail        |    26 |    22 ||    48
Dodge: Dodged            |    32 |    18 ||    50
Block: Buckler           |     5 |       ||     5
